Description

Allez simplement agresser votre adversaire avec vos deux premiers cyclone et votre faucheur. N’arrêtez pas votre production de Cyclones, car que ce soit pour continuer à agresser ou pour transitionner sur une partie plus macro , ils vous seront indispensables.

Sources : Ogaming SC2

Build Order

Get SALT Encoding   

  14  0:17  Supply Depot  
  15  0:29  Refinery  
  16  0:45  Barracks  
  17  0:55  Refinery  
  20  1:31  Factory  
  20  1:36  Barracks Reactor  
  20  1:41  Orbital Command  
  20  1:50  Supply Depot  
  28  2:23  Cyclone x2  
  28  2:27  Supply Depot  
  29  2:32  Reaper  
  30  2:55  Supply Depot  
  36  2:56  Cyclone x2  
  37  3:07  Reaper  
  37  3:16  Supply Depot x2  
  40  3:28  Cyclone  
  44  3:44  Cyclone  
  44  3:58  Command Center  
Spawning Tool Build Advisor. Get it on Overwolf

Go to:

Details

  • Created by: Kamunagara73
  • Published on: Dec 15, 2017
  • Modified on: Dec 16, 2017
  • Patch: 4.0.0
Show
View Real Time Build Order
Export as new Build Order

Comments (0)

There are no comments. Be the first!

Create an account to comment!